 Dungeon Crawl Stone Soup version 0.18.1-48-g4cf74bf (webtiles) character file.

68 kanaj the Sneak (level 4, -5/23 HPs)
             Began as a Vine Stalker Assassin on Aug 24, 2016.
             Was an Initiate of Pakellas.
             Slain by Grinder (8 damage)
             ... on level 3 of the Dungeon.
             The game lasted 00:32:49 (1521 turns).

kanaj the Sneak (Vine Stalker Assassin)             Turns: 1521, Time: 00:32:50

Health: -5/23      AC:  9    Str: 14    XL:     4   Next: 19%
Magic:  0/6        EV: 11    Int: 10    God:    Pakellas [......]
Gold:   85         SH:  0    Dex: 15    Spells: 0 memorised, 5 levels left

rFire  + . .     SeeInvis .     a - +0 flail
rCold  . . .     Gourm    .     h - +2 robe {rF+}
rNeg   . . .     Faith    .     (no shield)
rPois  .         Spirit   +     (no helmet)
rElec  .         Dismiss  .     d - +2 cloak
rCorr  .         Reflect  .     (no gloves)
SustAt .         Harm     .     o - +0 pair of boots
MR     +....                    (no amulet)
Stlth  ++........               q - ring of loudness (curse)
                                r - ring of protection from magic

@: somewhat resistant to hostile enchantments, unstealthy
A: fangs 2, icy blue scales 1, dopey 1, regeneration 1, wild magic 1, magic
shield, antimagic bite, no device heal 3, rot immunity
a: Renounce Religion


You were on level 3 of the Dungeon.
You worshipped Pakellas.
Pakellas was noncommittal.
You were near starving.

You visited 1 branch of the dungeon, and saw 3 of its levels.

You collected 85 gold pieces.

Inventory:

Hand Weapons
 a - a +0 flail (weapon)
 b - a +1 blowgun
 c - a +0 hunting sling
Missiles
 e - 6 poisoned needles
 f - 25 stones (quivered)
 i - 12 sling bullets
Armour
 d - a +2 cloak (worn)
 h - a +2 robe of fire resistance (worn)
 o - a +0 pair of boots (worn)
Jewellery
 k - an uncursed ring of positive energy
 q - a cursed ring of loudness (right hand)
 r - a ring of protection from magic (left hand)
Scrolls
 j - a scroll of identify
Potions
 l - 2 potions of curing
 m - a potion of cancellation
Comestibles
 g - 2 bread rations
 n - a meat ration


   Skills:
 + Level 1.9 Fighting
   Level 1.8 Short Blades
 + Level 0.8 Maces & Flails
 + Level 2.6 Throwing
 * Level 1.2 Armour
 + Level 0.7 Dodging
 - Level 4.8 Stealth
 * Level 1.0 Unarmed Combat
 * Level 1.1 Spellcasting


You had 5 spell levels left.
You didn't know any spells.

Dungeon Overview and Level Annotations

Branches:
Dungeon (3/15)

Altars:
Pakellas
The Shining One

Annotations:
D:3 Grinder


Innate Abilities, Weirdness & Mutations

You have extremely sharp teeth.
Your natural rate of healing is unusually fast.
When hurt, damage is shared between your health and your magic reserves.
Your bite disrupts and absorbs the magic of your enemies.
Potions and wands cannot restore your health.
You are immune to rotting.
You are partially covered in icy blue scales (AC +1).
You are dopey. (Int -2)
Your spells are a little harder to cast, but a little more powerful.


Message History

Grinder is moderately wounded.
Grinder hits you but does no damage. Grinder barely misses you.
You barely miss Grinder. Your bite misses Grinder.
Grinder is moderately wounded.
Grinder misses you.
You hit Grinder but do no damage.
Grinder is moderately wounded.
Grinder hits you.
You writhe in agony.
Unknown command.
You closely miss Grinder. Your bite misses Grinder.
Grinder is moderately wounded.
Grinder closely misses you. Grinder hits you.
* * * LOW HITPOINT WARNING * * *
You writhe in agony.
* * * LOW HITPOINT WARNING * * *
You hit Grinder but do no damage. You bite Grinder, but do no damage.
Grinder is moderately wounded.
Grinder hits you!
You die...
Pakellas says: Time to start the next experiment...

#.......# .# # #<#
.# #.##.####.#
#.........#
#..#.###..#
#.##..#.#
#..######
#.......#
#..(.....
####..###
#.5###### #.. #@.#
............(((((
###.###.##########
# #


You could see Grinder.

Vanquished Creatures
  2 adders (D:2)
  3 worms (D:2)
  A dart slug (D:2)
  A giant gecko (D:2)
  A ball python (D:2)
  3 giant cockroaches
  4 goblins
  8 hobgoblins
  2 jackals (D:2)
  A bat (D:1)
  2 giant newts
  4 kobolds
  5 rats
37 creatures vanquished.

Notes
Turn   | Place    | Note
--------------------------------------------------------------
     0 | D:1      | kanaj the Vine Stalker Assassin began the quest for the Orb.
     0 | D:1      | Reached XP level 1. HP: 11/11 MP: 2/2
   134 | D:1      | Found a glowing golden altar of the Shining One.
   294 | D:1      | Reached XP level 2. HP: 15/15 MP: 3/3
   456 | D:1      | Gained mutation: You are partially covered in icy blue scales (AC +1). [potion of mutation]
   456 | D:1      | Gained mutation: You are dopey. (Int -2) [potion of mutation]
   456 | D:1      | Gained mutation: Your spells are a little harder to cast, but a little more powerful. [potion of mutation]
   479 | D:1      | You fall through a shaft!
   828 | D:2      | Reached skill level 1 in Armour
   828 | D:2      | Reached skill level 1 in Unarmed Combat
   847 | D:2      | Reached XP level 3. HP: 18/18 MP: 4/4
   948 | D:2      | Reached skill level 1 in Spellcasting
  1081 | D:2      | Found an oddly glowing altar of Pakellas.
  1089 | D:2      | Became a worshipper of Pakellas the Inventive
  1148 | D:2      | Reached XP level 4. HP: 23/23 MP: 6/6
  1503 | D:3      | Noticed Grinder
  1521 | D:3      | Slain by Grinder

Skill      XL: |  1  2  3 |
---------------+----------+-----
Throwing       | 2 |  2.6
Armour         | 1 |  1.2
Unarmed Combat | 1 |  1.0
Spellcasting   | 1 |  1.1
Fighting       | |  1.9
Short Blades   | |  1.8
Maces & Flails | |  0.8
Dodging        | |  0.7
Stealth        | |  4.8

Action                   |  1- 3 |  4- 6 || total
-------------------------+-------+-------++-------
Melee: Whip              |    14 |       ||    14
       Dagger            |     3 |       ||     3
       Bite              |     7 |     3 ||    10
       Flail             |     8 |    17 ||    25
 Fire: Blowgun           |    44 |    10 ||    54
       Hunting sling     |    19 |     9 ||    28
Throw: Stone             |    11 |     2 ||    13
  Use: Scroll            |     3 |     1 ||     4
       Potion            |     5 |     1 ||     6
Armor: Robe              |     9 |     6 ||    15
Dodge: Dodged            |     5 |    11 ||    16
